 Dungeon Crawl Stone Soup version 0.31-a0-182-gc5ef74bbde (webtiles) character file.

Game seed: 1810446677751329788

108 Moral the Ducker (level 4, -2/52 HPs)
             Began as a Merfolk Gladiator on June 22, 2023.
             Succumbed to a goblin's poison
             ... on level 2 of the Dungeon.
             The game lasted 00:05:41 (1333 turns).

Moral the Ducker (Merfolk Gladiator)                Turns: 1333, Time: 00:05:42

Health: -2/52      AC: 22    Str: 14    XL:     4   Next: 87%
Magic:  4/4        EV:  2    Int:  7    God:
Gold:   122        SH:  0    Dex: 17    Spells: 3/3 levels left

rFire   . . .        a - +0 long sword
rCold   . . .        (no shield)
rNeg    . . .        b - melded +0 leather armour
rPois   +            c - melded +0 helmet
rElec   .            (cloak currently unavailable)
rCorr   .            o - melded +0 pair of gloves
SInv    .            (boots currently unavailable)
Will    .....        (no amulet)
Stlth   ++           (no ring)
HPRegen 0.28/turn    (no ring)
MPRegen 0.09/turn

%: no passive effects
@: brilliant, lethally poisoned (-2 -> -19), tree-form, attractive
A: stationary, stasis, torment immunity, boosted hp, (nimble swimmer 2),
(mertail)
a: no special abilities


You were on level 2 of the Dungeon.
You were a tree.
You visited 1 branch of the dungeon, and saw 4 of its levels.

You collected 122 gold pieces.

Inventory:

Hand Weapons
 a - a +0 long sword (weapon)
Missiles
 d - 2 throwing nets (quivered)
 e - a javelin
Armour
 b - a +0 leather armour (melded)
 c - a +0 helmet (melded)
 o - a +0 pair of gloves (melded)
Scrolls
 f - 2 scrolls of teleportation {unknown}
 h - a scroll of blinking {unknown}
 j - 2 scrolls of revelation {unknown}
 k - 2 scrolls of identify {unknown}
Potions
 l - a potion of attraction


   Skills:
 + Level 3.2 Fighting
 + Level 4.6 Long Blades
 - Level 2.0 Throwing
 + Level 5.0 Dodging
 + Level 2.1 Stealth


You had 3 spell levels left.
You didn't know any spells.
Your spell library contained the following spells:

 Spells                   Type           Power      Damage    Failure   Level
 Freeze                   Ice            0%         1d3       43%         1
 Frozen Ramparts          Ice            0%         1d1       80%         3
 Hailstorm                Conj/Ice       0%         3d3       80%         3


Dungeon Overview and Level Annotations

Branches:
Dungeon (4/15)
 Temple: D:4-7

Altars:

Shops:
D:1 =


Innate Abilities, Weirdness & Mutations

You are a tree.
Your roots penetrate the ground, keeping you stationary.
You cannot be teleported.
You are immune to unholy pain and torment.
Your maximum health is greatly increased.
Your equipment is partially melded.
((You are very nimble when in or above water. (Stealth+, EV+, Speed+++)))
((Your lower body shifts to a powerful aquatic tail in water.))


Message History

The adder is severely wounded.
You feel very sick. The adder bites you but does no damage.
The goblin hits you with a +2 dagger of venom.
You are lethally poisoned!
The adder closely misses you.
It was a potion of attraction.
You feel attractive to monsters.
You feel very sick. The goblin hits you but does no damage.
The adder closely misses you.
It was a potion of magic.
Magic courses through your body.
* * * LOW HITPOINT WARNING * * *
You feel very sick. The adder misses you.
The goblin hits you but does no damage.
You are more poisoned.
It was a potion of lignification.
You turn into a tree.
Your +0 helmet melds into your body.
Your +0 pair of gloves melds into your body.
Your +0 leather armour melds into your body.
Your roots penetrate the ground.
* * * LOW HITPOINT WARNING * * *
You feel very sick. The adder bites you but does no damage.
The goblin hits you but does no damage. The adder bites you but does no damage.
It was a potion of brilliance.
You feel clever all of a sudden.
* * * LOW HITPOINT WARNING * * *
You feel very sick. The goblin hits you but does no damage.
The adder barely misses you.
Okay, then.
You hit the adder.
You kill the adder!
* * * LOW HITPOINT WARNING * * *
You feel very sick.
The goblin hits you but does no damage. x2
You are more poisoned.
Okay, then.
As you read the scroll labelled XELEFO ELOFUS, it dissolves into smoke.
It was a scroll of fog.
You die...

##†....# ##÷####....# ##....#
.......#####..........#######...#
##.........#...###....#.........#
#...........#..........#########
#.....###..##........###
.....†#####.....#######
.............##§#
....######....§§##### ..###
#.####§♣§§.# .. ##§g...... #.
####.#... .. # ..# .# .


You could see a goblin.

Vanquished Creatures
  5 adders (D:2)
  A worm (D:2)
  A dart slug (D:1)
  6 bats
  5 endoplasms
  A giant cockroach (D:1)
  7 goblins
  9 hobgoblins
  A quokka (D:2)
  6 ball pythons
  5 frilled lizards
  5 kobolds
  4 rats
56 creatures vanquished.

Notes
Turn   | Place    | Note
-------+----------+-------------------------------------------
     0 | D:1      | Moral the Merfolk Gladiator began the quest for the Orb.
     0 | D:1      | Reached XP level 1. HP: 16/16 MP: 1/1
   123 | D:1      | Reached XP level 2. HP: 22/23 MP: 2/2
   201 | D:1      | Found Xuonk's Jewellery Shoppe.
   246 | D:1      | Reached skill level 1 in Stealth
   396 | D:1      | Reached XP level 3. HP: 28/28 MP: 3/3
   890 | D:2      | Reached XP level 4. HP: 35/35 MP: 4/4
   930 | D:2      | You fall into a shaft and drop 2 floors!
  1326 | D:2      | Reached skill level 5 in Dodging
  1332 | D:2      | HP: 2/52 [poisoned by a goblin]
  1333 | D:2      | Succumbed to a goblin's poison

Illustrated notes

Levels and vault maps discovered:
D:1:      scummos_arrival_simple_crosswalls, layout_basic, serial_shops,
          nicolae_shop_behind_doors
D:2:      layout_rooms, kennysheep_flooded_box, kennysheep_path_1
D:3:      layout_basic, mainiacjoe_overflow_brackets, st_stairs_5, uniq_grinder
D:4:      layout_cave_pools, nicolae_overflow_squiral, minmay_shop_damaged,
          uniq_duvessa, uniq_pikel

Skill      XL: |  1  2  3  4 |
---------------+-------------+-----
Stealth        | 1 2 |  2.1
Long Blades    | 4 |  4.6
Fighting       | 3 |  3.2
Dodging        | 5 |  5.0
Throwing       | |  2.0

Action                     |  1- 3 |  4- 6 || total
---------------------------+-------+-------++-------
  Melee: Long sword        |   109 |    50 ||   159
         Punch             |     1 |       ||     1
  Throw: Throwing net      |       |     1 ||     1
    Use: Potion            |       |     4 ||     4
         Scroll            |       |     1 ||     1
   Stab: Sleeping          |     1 |     1 ||     2
 Armour: Leather armour    |    30 |    26 ||    56
         Skin              |       |     6 ||     6
  Dodge: Dodged            |    97 |    50 ||   147

Table legend: (Time is in decaauts)
 A = Elapsed time spent in this place.
 B = Non-inter-level travel time spent in this place.
 C = Inter-level travel time spent in this place.
 D = Time resting spent in this place.
 E = Time spent auto-exploring this place.
 F = Levels seen in this place.
 G = Mean time per level.
                   A        B        C        D        E       F      G
               +--------+--------+--------+--------+--------+-----+--------+
         Total |   1362 |   1337 |     25 |     98 |    691 |   4 |  340.5 |
       Dungeon |   1362 |   1337 |     25 |     98 |    691 |   4 |  340.5 |
               +--------+--------+--------+--------+--------+-----+--------+

Top non-repeatable levels by time:
     D:1: 821 daAuts
     D:2: 374 daAuts
     D:4: 138 daAuts
     D:3: 28 daAuts
